 Dungeon Crawl Stone Soup version 0.25-a0-578-gc91f01c39c (webtiles) character file.

Game seed: 845219779771586398, levelgen mode: classic

62624 EnegeticOcto the Champion of Chaos (level 14, 0/139 HPs)
             Began as a Deep Dwarf Fighter on Mar 6, 2020.
             Was the Champion of Makhleb.
             Killed by the raging water
             ... invoked by a water nymph
              (6 damage)
             ... on level 4 of the Shoals.
             The game lasted 00:11:55 (13039 turns).

EnegeticOcto the Champion of Chaos (DDFi)          Turns: 13039, Time: 00:11:56

Health: 0/139      AC: 28    Str: 24    XL:     14   Next: 65%
Magic:  0/0        EV:  6    Int: 10    God:    Makhleb [******]
Gold:   1060       SH: 16    Dex: 12    Spells: 13/13 levels left

rFire    + . .     SeeInvis .   a - +2 broad axe (flame)
rCold    + . .     Gourm    .   z - +4 kite shield
rNeg     + . .     Faith    .   v - +0 plate armour
rPois    .         Spirit   .   B - +1 hat
rElec    .         Reflect  .   f - +1 cloak {+Inv}
rCorr    .         Harm     .   D - +2 pair of gloves
MR       ++...                  C - +2 pair of boots
Stlth    ..........             (no amulet)
HPRegen  0.00/turn              g - ring of protection from fire
MPRegen  0.07/turn              l - +3 ring of protection

@: non-regenerating, very slow
A: damage resistance, heal wounds, blurry vision 1, cold resistance 1, negative
energy resistance 1, sense surroundings 2, no regeneration
a: Heal Wounds, Minor Destruction, Lesser Servant of Makhleb, Major Destruction,
Greater Servant of Makhleb, Renounce Religion, Evoke Invisibility


You were on level 4 of the Shoals.
You worshipped Makhleb.
Makhleb was exalted by your worship.
You were not hungry.

You visited 4 branches of the dungeon, and saw 23 of its levels.
You also visited: Ossuary and Gauntlet.

You collected 1060 gold pieces.

Inventory:

Hand Weapons
 a - a +2 broad axe of flaming (weapon)
 u - a +4 dagger of distortion
Missiles
 c - 3 throwing nets (quivered)
Armour
 f - a +1 cloak of invisibility (worn)
 v - a +0 plate armour (worn)
 z - a +4 kite shield (worn)
 B - a +1 hat (worn)
 C - a +2 pair of boots (worn)
 D - a +2 pair of gloves (worn)
Jewellery
 g - a ring of protection from fire (left hand)
 l - a +3 ring of protection (right hand)
 I - an uncursed ring of protection from cold
Wands
 o - a wand of flame (16)
 p - a wand of polymorph (16)
 t - a wand of digging (8) {@v2}
 E - a wand of scattershot (4)
 F - a wand of iceblast (9)
Scrolls
 d - 2 scrolls of fear
 q - 6 scrolls of remove curse {@r6}
 r - 4 scrolls of teleportation {@r2}
 x - 3 scrolls of fog
 y - a scroll of blinking {unknown}
 A - a scroll of immolation {@r4}
 H - 2 scrolls of magic mapping {@r5}
 K - a scroll of holy word
Potions
 b - 13 potions of curing {@q1}
 h - 6 potions of heal wounds {@q2}
 i - 2 potions of berserk rage
 j - 4 potions of stabbing {@q5}
 k - 4 potions of might {@q3}
 m - 4 potions of resistance {@q6}
 n - 2 potions of haste {@q4}
 s - a potion of magic
 w - a potion of cancellation
 G - a potion of lignification {@q7}
Comestibles
 e - 24 rations
 J - 5 chunks of flesh


   Skills:
 * Level 12.5 Fighting
 * Level 14.3 Axes
 + Level 10.9 Armour
 + Level 10.8 Shields
 * Level 15.3 Invocations


You had 13 spell levels left.
You didn't know any spells.
Your spell library was empty.

Dungeon Overview and Level Annotations

Branches:
Dungeon (14/15)            Temple (1/1) D:5            Lair (4/6) D:8
 Shoals (4/4) Lair:3        Snake (0/4) Lair:4          Orc (0/2) D:11
Ossuary (visited)         Gauntlet (visited)
 Vaults: D:13-14

Altars:
Ashenzari
Cheibriados
Dithmenos
Elyvilon
Fedhas
Gozag
Hepliaklqana
Kikubaaqudgha
Makhleb
Nemelex Xobeh
Okawaru
Qazlal
Ru
Sif Muna
Trog
Uskayaw
Vehumet
Wu Jian
Xom
Yredelemnul
Zin
The Shining One

Annotations:
D:7 3 runed translucent doors, derval's ghost, novice MfIE
D:10 1 exclusion
D:14 exclusions: orc warrior and 3 more exclusions
Lair:4 exclusion: 3 oklob plants


Innate Abilities, Weirdness & Mutations

You are resistant to damage.
You can heal yourself by infusing magical energy.
You resist negative energy. (rN+)
You passively map the area around you.
You do not regenerate.
Scrolls take you a little longer to read.
Your flesh is cold resistant. (rC+)


Message History

You are too injured to fight recklessly!
You are too injured to fight recklessly!
You are too injured to fight recklessly!
You are too injured to fight recklessly!
You feel much better.
You feel very sick. You block the merfolk impaler's attack.
The merfolk hits you but does no damage.
The merfolk hits you with a +0 halberd.
The merfolk aquamancer casts a spell at you.
The torrent of water hits you!!
You are knocked back by the torrent of water.
You collide with the merfolk impaler!
The wave splashes down.
Splash!
You fall into the shallow water.
Moving in this stuff is going to be slow.
You hear a shout! x2; You hear an angry hiss.
You hear a shout!
You feel much better.
You feel very sick.
The merfolk hits you but does no damage.
You block the merfolk impaler's attack. You block the merfolk's attack.
The water nymph completely misses you.
The merfolk impaler hits you with a +3 trident of venom.
You are more poisoned.
The merfolk hits you with a +0 halberd.
The merfolk aquamancer casts a spell at you.
The torrent of water hits you!
You are knocked back by the torrent of water.
You collide with the merfolk impaler!
Splash!
The wave splashes down.
Your magical essence is drained by the effort!
You feel much better.
You feel very sick. You block the merfolk's attack.
The merfolk impaler hits you with a +3 trident of venom!
A faun comes into view. It is wielding a +0 club.
You block the water nymph's attack. You block the merfolk's attack.
The merfolk aquamancer hits you with a +2 rapier of flaming.
The merfolk aquamancer burns you.
You slice the merfolk impaler!! You burn the merfolk impaler!
You kill the merfolk impaler!
Makhleb accepts your kill.
You feel better.
You hear a splash. x2
You slash the merfolk aquamancer! You burn the merfolk aquamancer!
You closely miss the water nymph. You slash the merfolk! You burn the merfolk.
You feel very sick. The merfolk hits you with a +0 halberd.
You block the merfolk's attack.
The water nymph points at you and mumbles some strange words.
The water swirls and strikes you!! The water nymph casts a spell at you.
The water swirls and strikes you!!
* * * LOW HITPOINT WARNING * * *
A demon appears!
* * * LOW HITPOINT WARNING * * *
You feel very sick. You block the merfolk's attack.
You block the merfolk aquamancer's attack.
A satyr comes into view. It is wielding a +0 spear.
The merfolk hits you with a +0 halberd.
The water nymph points at you and mumbles some strange words.
The water swirls and strikes you!
* * * LOW HITPOINT WARNING * * *
Your magical essence is drained by the effort!
You feel much better.
You feel very sick. You block the merfolk's attack.
The merfolk hits you but does no damage.
The merfolk aquamancer hits you with a +2 rapier of flaming.
* * * LOW HITPOINT WARNING * * *
The merfolk hits you with a +0 halberd.
The faun unwields a +0 club.
The faun wields a +0 hunting sling.
The faun shoots a stone.
The stone closely misses your blizzard demon.
The stone misses the merfolk.
The stone hits you but does no damage.
You hear a splash.
The water nymph touches you. The water nymph drowns you!
* * * LOW HITPOINT WARNING * * *
Your blizzard demon gestures at the merfolk.
The bolt of cold hits the merfolk!!
You don't have enough innate magic capacity.
You don't have enough innate magic capacity.
You don't have enough innate magic capacity.
You don't have enough innate magic capacity.
You feel better. The merfolk barely misses you.
The satyr plays a rousing melody on his pipes!
The faun goes into a battle-frenzy!
You block the merfolk's attack.
The merfolk aquamancer hits you but does no damage.
The merfolk hits you but does no damage.
The water nymph touches you. The water nymph drowns you!
* * * LOW HITPOINT WARNING * * *
Your blizzard demon gestures at the merfolk.
The bolt of cold hits the merfolk!!!
The merfolk dies!
Makhleb accepts your kill.
You hear a splash. x2
The water nymph points at you and mumbles some strange words.
The water swirls and strikes you!
You die...

≈≈ ≈≈≈≈≈≈≈≈≈≈≈≈≈≈≈≈ ≈≈ ≈
≈≈≈≈≈≈≈≈≈..≈≈≈≈≈≈≈≈ ≈ , ,
.≈≈..≈≈≈...≈≈≈≈≈≈≈≈ ≈ ^ ≈
..≈≈.≈≈....≈≈P..P≈≈≈ ≈
≈≈..≈.......≈...P≈≈≈≈ * ≈
≈≈≈≈≈≈..≈....PP≈P≈≈≈≈ , ≈
≈≈≈≈≈≈≈m........P≈PP≈≈≈≈ ,
≈≈≈≈≈≈m≈m..)..P<.≈≈≈≈≈≈≈ ,
.≈≈≈≈≈m@#.......(≈≈≈≈≈≈≈
,, ≈
,≈.≈≈≈.2m###m.........≈≈≈≈
, ≈
.cc..≈○...........≈.≈≈≈≈ ,
≈ ≈
.≈..≈≈.≈...........≈≈≈≈≈ ,
≈ ≈≈≈.....≈...........≈≈≈≈
, ≈ ≈
≈≈≈≈≈≈..............≈≈≈≈ *
,,
.≈≈≈≈..≈.............≈≈≈
≈≈
..≈.................≈)≈≈ ,
≈ ≈ ≈≈≈.≈............≈†≈≈≈


You could see a satyr, a merfolk aquamancer, 2 merfolk, a faun, 2 water nymphs
and a friendly blizzard demon.

Vanquished Creatures
  A minotaur (Gauntlet)
  A merfolk javelineer (Shoals:4)
  Josephine (D:13)
  A merfolk impaler (Shoals:4)
  An ice dragon (Shoals:3)
  A hydra (Lair:4)
  A merfolk aquamancer (Shoals:1)
  4 merfolk avatars
  5 two-headed ogres
  3 death yaks (Lair:2)
  A fire crab (Gauntlet)
  4 skeletal warriors (D:13)
  3 sea snakes
  Pikel (D:7)
  2 wizards (D:13)
  9 harpies
  A deep elf mage (D:13)
  7 manticores
  A faun (Shoals:1)
  9 ugly things
  A cyclops (Shoals:4)
  An orc sorcerer (D:13)
  A water nymph (Shoals:1)
  A centaur zombie (D:14)
  3 merfolk sirens
  A black mamba (Lair:4)
  An apocalypse crab (Gauntlet)
  3 gargoyles
  5 spiny frogs
  2 rime drakes
  5 komodo dragons
  7 merfolk
  A redback zombie (D:13)
  A queen bee (D:9)
  3 trolls
  A wind drake (Shoals:4)
  2 hornets
  9 slime creatures
  8 hippogriffs
  A raiju (shapeshifter) (D:14)
  5 snapping turtles
  A meliai zombie (D:13)
  2 shadows
  Sigmund (D:4)
  6 wraiths
  3 fire bats (Gauntlet)
  A vampire (D:10)
  5 water elementals
  A basilisk (Lair:2)
  2 wyverns
  17 yaks
  A golden eye (D:11)
  A steam dragon (D:12)
  2 soldier ants (D:13)
  Grum (D:9)
  2 nagas (Lair:4)
  An acid dragon (D:11)
  Edmund (D:4)
  6 water moccasins
  2 hell hounds (Gauntlet)
  5 porcupines
  8 orc warriors
  3 ice beasts
  2 sky beasts
  A black bear (D:13)
  4 phantoms
  An eye of draining (D:13)
  3 necrophages (D:11)
  8 centaurs
  5 wolves
  9 ogres
  5 crocodiles
  4 big kobolds
  7 bullfrogs
  A wyvern zombie (D:8)
  4 scorpions
  11 wights
  4 killer bees (D:11)
  8 howler monkeys
  8 crimson imps
  3 human zombies (D:11)
  2 quasits
  A jelly (D:9)
  4 centaur skeletons
  11 hounds
  A bullfrog skeleton (D:12)
  10 orc priests
  Jessica (D:3)
  A human skeleton (D:11)
  5 iguanas
  8 worker ants
  Natasha (D:3)
  16 orc wizards
  4 mummies
  8 gnolls
  7 adders
  8 shadow imps
  An ooze (D:7)
  An adder skeleton (D:5)
  5 adder zombies
  A dart slug (D:2)
  A leopard gecko (D:8)
  58 orcs
  3 giant cockroaches
  A gnoll zombie (Ossuary)
  2 goblins
  6 hobgoblins
  5 jackals
  20 kobolds
  4 quokkas
  4 bats
  A frilled lizard (D:3)
  4 hobgoblin zombies (Ossuary)
  4 kobold zombies (Ossuary)
  An orc zombie (D:11)
  4 quokka zombies (Ossuary)
  2 rats
  3 rat zombies (Ossuary)
  A fungus (Lair:3)
  3 plants
502 creatures vanquished.

Vanquished Creatures (collateral kills)
  A merfolk impaler (Shoals:3)
  An ice dragon (Shoals:3)
  A merfolk avatar (Shoals:3)
  A faun (Shoals:3)
  A wind drake (Shoals:3)
  4 merfolk
  An orc (D:6)
10 creatures vanquished.

Vanquished Creatures (others)
  A merfolk (Shoals:1)
  4 plants
5 creatures vanquished.

Grand Total: 517 creatures vanquished

Notes
Turn   | Place    | Note
-------+----------+-------------------------------------------
     0 | D:1      | EnegeticOcto the Deep Dwarf Fighter began the quest for the
                  | Orb.
     0 | D:1      | Reached XP level 1. HP: 20/20 MP: 1/1
   144 | D:2      | Reached XP level 2. HP: 22/27 MP: 2/2
   195 | D:3      | Reached XP level 3. HP: 17/34 MP: 3/3
   212 | D:3      | Noticed Jessica
   215 | D:3      | Killed Jessica
   302 | D:3      | Reached XP level 4. HP: 40/42 MP: 4/4
   386 | D:3      | Noticed Natasha
   394 | D:3      | Killed Natasha
   481 | D:3      | Reached XP level 5. HP: 47/50 MP: 5/5
   521 | D:4      | Noticed Edmund
   535 | D:4      | Killed Edmund
   538 | D:4      | Noticed an ogre
   548 | D:4      | Killed an ogre
   548 | D:4      | Reached XP level 6. HP: 34/58 MP: 6/6
   642 | D:4      | Noticed Sigmund
   645 | D:4      | Reached skill level 5 in Axes
   653 | D:4      | Reached XP level 7. HP: 52/66 MP: 6/6
   671 | D:4      | Killed Sigmund
   671 | D:4      | Reached skill level 5 in Fighting
   671 | D:4      | Reached skill level 5 in Shields
   710 | D:4      | Reached skill level 5 in Armour
   849 | D:4      | Found a shadowy altar of Dithmenos.
   928 | D:4      | Found an ancient bone altar of Kikubaaqudgha.
   931 | D:4      | Found a blossoming altar of Fedhas.
   934 | D:4      | Found a sacrificial altar of Ru.
  1121 | D:5      | Entered Level 5 of the Dungeon
  1123 | D:5      | Found a staircase to the Ecumenical Temple.
  1151 | Temple   | Entered the Ecumenical Temple
  1438 | Temple   | Became a worshipper of Makhleb the Destroyer
  1487 | D:5      | Reached skill level 1 in Invocations
  1487 | D:5      | Reached XP level 8. HP: 60/75 MP: 6/6
  1721 | D:5      | Reached skill level 2 in Invocations
  1818 | D:5      | Reached skill level 3 in Invocations
  2097 | D:6      | Reached * piety under Makhleb
  2493 | D:6      | Reached skill level 4 in Invocations
  3072 | D:6      | Gained mutation: Scrolls take you a little longer to read.
                  | [potion of mutation]
  3072 | D:6      | Gained mutation: Your flesh is cold resistant. (rC+)
                  | [potion of mutation]
  3157 | D:7      | Found a hide-covered altar of Uskayaw.
  3291 | D:7      | Found a glowing golden altar of the Shining One.
  3547 | D:7      | Found a basalt altar of Yredelemnul.
  3557 | D:7      | Gained mutation: You passively map the area around you.
                  | [Deep Dwarf growth]
  3557 | D:7      | Reached XP level 9. HP: 43/85 MP: 8/8
  3567 | D:7      | Noticed Pikel
  3582 | D:7      | Killed Pikel
  3582 | D:7      | Reached skill level 5 in Invocations
  3791 | D:7      | Found a runed translucent gate.
  3791 | D:7      | Found a runed translucent gate.
  3793 | D:7      | Found a runed translucent gate.
  3794 | D:7      | Noticed derval's ghost (novice MfIE)
  3917 | D:7      | Noticed an angel
  3936 | D:8      | Noticed a two-headed ogre
  3961 | D:8      | Killed a two-headed ogre
  3961 | D:8      | Reached skill level 6 in Invocations
  3980 | D:8      | Found a stormy altar of Qazlal.
  3980 | D:8      | Found a glowing silver altar of Zin.
  4008 | D:8      | Found a staircase to the Lair.
  4046 | D:8      | Reached ** piety under Makhleb
  4046 | D:8      | Reached skill level 7 in Invocations
  4270 | D:8      | Reached XP level 10. HP: 53/94 MP: 10/10
  4511 | D:8      | Found a sand-covered staircase.
  4519 | Ossuary  | Entered an ossuary
  4663 | D:8      | Identified a scroll of acquirement
  4714 | D:9      | Noticed Psyche
  4718 | D:9      | Noticed Psyche
  4718 | D:9      | Psyche changed into Psyche the queen bee
  4727 | D:9      | Killed Psyche the queen bee
  4786 | D:9      | Reached *** piety under Makhleb
  5055 | D:9      | Noticed Grum
  5062 | D:9      | Reached skill level 8 in Invocations
  5076 | D:9      | Killed Grum
  5244 | D:10     | Entered Level 10 of the Dungeon
  5364 | D:10     | Noticed a two-headed ogre
  5379 | D:10     | Killed a two-headed ogre
  5468 | D:10     | Noticed a gargoyle
  5472 | D:10     | Killed a gargoyle
  5663 | D:10     | Reached skill level 9 in Invocations
  5864 | D:10     | Noticed a two-headed ogre
  5872 | D:10     | Killed a two-headed ogre
  5872 | D:10     | Reached skill level 10 in Axes
  5872 | D:10     | Reached XP level 11. HP: 86/104 MP: 9/11
  5986 | D:11     | Found a staircase to the Orcish Mines.
  6034 | D:11     | Reached **** piety under Makhleb
  6097 | D:11     | You fall into a shaft and drop 3 floors!
  6097 | D:14     | Noticed a two-headed ogre
  6101 | D:14     | Killed a two-headed ogre
  6110 | D:14     | Reached skill level 10 in Invocations
  6169 | D:14     | Noticed a white ugly thing
  6169 | D:14     | Noticed a white ugly thing
  6169 | D:14     | Noticed a white ugly thing
  6170 | D:14     | Noticed a white ugly thing
  6170 | D:14     | Noticed a white ugly thing
  6171 | D:14     | Noticed a white ugly thing
  6184 | D:14     | Killed a green ugly thing
  6191 | D:14     | Killed a white ugly thing
  6194 | D:14     | Killed a green ugly thing
  6204 | D:14     | Killed a white ugly thing
  6206 | D:14     | Killed a green ugly thing
  6212 | D:14     | Killed a red ugly thing
  6339 | D:14     | Noticed a vault guard
  6339 | D:14     | Noticed a deep elf knight
  6380 | D:14     | Noticed a vault guard
  6518 | D:14     | Reached skill level 11 in Invocations
  7318 | D:13     | Reached XP level 12. HP: 95/116 MP: 11/11
  7353 | D:13     | Noticed Josephine
  7365 | D:13     | Killed Josephine
  7365 | D:13     | Reached skill level 10 in Fighting
  7733 | D:13     | Reached ***** piety under Makhleb
  7739 | D:13     | Reached skill level 12 in Invocations
  7762 | D:13     | Identified the Guide on Congealing Boosts
  8455 | D:12     | Reached XP level 13. HP: 126/126 MP: 11/11
  8586 | D:12     | Reached skill level 13 in Invocations
  9134 | D:11     | Noticed Maurice
  9149 | D:11     | Noticed Maurice
  9151 | D:11     | Killed Maurice the golden eye
  9169 | D:11     | Noticed Sonja
  9171 | D:11     | Noticed Sonja
  9171 | D:11     | Sonja changed into Sonja the crocodile
  9181 | D:11     | Killed Sonja the crocodile
  9558 | D:11     | Found a basalt altar of Yredelemnul.
  9562 | D:11     | Reached ****** piety under Makhleb
  9845 | Lair:1   | Entered Level 1 of the Lair of Beasts
 10788 | Lair:3   | Reached skill level 10 in Armour
 10844 | Lair:3   | Found a staircase to the Shoals.
 11038 | Lair:3   | Reached skill level 10 in Shields
 11190 | Lair:3   | Found an ornate altar of the Wu Jian Council.
 11434 | Lair:4   | Found a gate leading to a gauntlet.
 11456 | Gauntlet | Entered a Gauntlet
 11456 | Gauntlet | Found a transporter.
 11456 | Gauntlet | Found a large runed translucent door.
 11456 | Gauntlet | Found a large runed translucent door.
 11456 | Gauntlet | Found a large runed translucent door.
 11456 | Gauntlet | Found a large runed translucent door.
 11456 | Gauntlet | Found a large runed translucent door.
 11456 | Gauntlet | Found a large runed translucent door.
 11456 | Gauntlet | Found a runed translucent door.
 11456 | Gauntlet | Found a runed translucent door.
 11456 | Gauntlet | Found a large runed translucent door.
 11456 | Gauntlet | Found a large runed translucent door.
 11456 | Gauntlet | Found a large runed translucent door.
 11456 | Gauntlet | Found a large runed translucent door.
 11456 | Gauntlet | Found a large runed translucent door.
 11456 | Gauntlet | Found a large runed translucent door.
 11459 | Gauntlet | Found a transporter.
 11474 | Gauntlet | Found a runed translucent door.
 11479 | Gauntlet | Found a transporter.
 11499 | Gauntlet | Found a transporter.
 11512 | Gauntlet | Found a transporter.
 11523 | Gauntlet | Noticed a dire elephant
 11525 | Gauntlet | Found a transporter.
 11542 | Gauntlet | Found a transporter.
 11546 | Gauntlet | Found a transporter.
 11554 | Gauntlet | Found a transporter.
 11567 | Gauntlet | Found a large runed translucent door.
 11568 | Gauntlet | Found a large runed translucent door.
 11573 | Gauntlet | Found a runed translucent gate.
 11573 | Gauntlet | Found a runed translucent gate.
 11573 | Gauntlet | Found a runed translucent gate.
 11575 | Gauntlet | Found a transporter.
 11579 | Gauntlet | Found a transporter.
 11595 | Gauntlet | Found a large runed translucent door.
 11596 | Gauntlet | Found a large runed translucent door.
 11608 | Gauntlet | Found a transporter.
 11690 | Gauntlet | Reached skill level 14 in Invocations
 11714 | Gauntlet | Noticed a minotaur
 11725 | Gauntlet | Killed a minotaur
 11884 | Lair:4   | Found a staircase to the Snake Pit.
 12341 | Shoals:1 | Entered Level 1 of the Shoals
 12379 | Shoals:1 | Gained mutation: You resist negative energy. (rN+) [Deep
                  | Dwarf growth]
 12379 | Shoals:1 | Reached XP level 14. HP: 111/136 MP: 11/11
 12709 | Shoals:4 | Entered Level 4 of the Shoals
 12732 | Shoals:4 | Reached skill level 15 in Invocations
 13039 | Shoals:4 | HP: 6/139 [drowned by a water nymph (11)]
 13039 | Shoals:4 | Killed from afar by a water nymph

Levels and vault maps discovered:
D:1:      shiori_shiawase, layout_basic
D:2:      layout_basic, uniq_robin
D:3:      layout_basic, first_ration, uniq_natasha, uniq_terence, uniq_jessica
D:4:      layout_cave_pools, nicolae_overflow_crystal_walls,
          grunt_temple_overflow_diamond, uniq_edmund, uniq_sigmund
D:5:      layout_gridville, minmay_temple_entry_offerings
D:6:      layout_layer_cave
D:7:      layout_loops_corners, grunt_temple_overflow_holy_war,
          eat_drink_and_be_merry_uskayaw, ebering_ghost_rock_garden,
          item_on_display_a, uniq_pikel
D:8:      layout_loops_ring, chequers_temple_overflow_statue_of_worship,
          dpeg_oklobed_lair, nicolae_ossuary_entry_plus
D:9:      layout_cross, uniq_psyche, uniq_grum
D:10:     cheibrodos_statue_roulette, layout_loops_ring, grunt_ogre_cave
D:11:     layout_basic, orc_0_dummy, lemuel_mausoleum_altar_yredelemnul,
          uniq_maurice, uniq_sonja
D:12:     layout_loops_ring
D:13:     cheibrodos_wizards_tower, layout_irregular_city, uniq_josephine
D:14:     layout_layer_cave, grunt_vaults_entry_fortified
Temple:   oiseaux_autumnal_temple
Lair:1:   layout_cave_pods, serial_bayou_pond_e
Lair:2:   layout_misc_corridors, beast_lair_carwin_6
Lair:3:   layout_long_grid, minmay_shoals_entry_beasts, basic_altar
Lair:4:   layout_long_grid, guppyfry_snake_entry_island, gauntlet_entry_generic,
          minmay_lair_oklob_chamber
Shoals:1: layout_shoals, uniq_louise
Shoals:2: layout_shoals
Shoals:3: argonaut_golden_fleece, layout_shoals,
          nicolae_shoals_stone_sculpture_thing, lightli_airlock
Shoals:4: shoals_end_simple, layout_shoals, gammafunk_ghost_necromancy

Skill      XL: |  1  2  3  4  5  6  7  8  9 10 11 12 13 14 |
---------------+-------------------------------------------+-----
Fighting       | 3 4 5 6 7 8 9 10 11 12 | 12.5
Axes           | 3 4 5 6 7 8 10 11 12 13 14 | 14.3
Shields        | 4 5 6 7 8 9 10 | 10.8
Armour         | 4 5 6 7 8 9 10 | 10.9
Invocations    | 1 4 7 9 11 12 14 15 | 15.3

Action                   |  1- 3 |  4- 6 |  7- 9 | 10-12 | 13-15 || total
-------------------------+-------+-------+-------+-------+-------++-------
Melee: War axe           |    74 |    78 |   328 |    53 |       ||   533
       Broad axe         |       |       |       |   586 |   756 ||  1342
Invok: Lesser Servant of |       |       |       |       |     4 ||     4
       Greater Servant o |       |       |       |       |     2 ||     2
 Abil: Heal Wounds       |     1 |     4 |    17 |    24 |    46 ||    92
Evoke: Wand              |       |       |     1 |     1 |     4 ||     6
  Use: Scroll            |       |     2 |    11 |    13 |     9 ||    35
       Potion            |       |       |     1 |     1 |     3 ||     5
 Stab: Paralysed         |       |       |       |     1 |       ||     1
       Distracted        |       |       |       |       |     1 ||     1
  Eat: Ration            |       |       |     3 |       |       ||     3
       Chunk             |       |       |     2 |    14 |    16 ||    32
Armor: Scale mail        |    39 |    38 |    54 |       |       ||   131
       Chain mail        |       |       |   105 |   310 |       ||   415
       Plate armour      |       |       |       |     5 |   591 ||   596
Dodge: Dodged            |    29 |    28 |    99 |   151 |   225 ||   532
Block: Kite shield       |    51 |    52 |   272 |   526 |   788 ||  1689

Table legend:
 A = Non-vault XP
 B = Vault XP
 C = Vault XP percentage of total XP
 D = Non-vault monster count
 E = Vault monster count
 F = Vault count percentage of total count
                 A         B        C        D         E       F
            +---------+---------+-------+---------+---------+-------
      Total |   69628 |   19836 |  22.2 |     425 |      84 |  16.5
            +---------+---------+-------+---------+---------+-------
        D:1 |       5 |       0 |   0.0 |       3 |       0 |   0.0
        D:2 |      28 |       0 |   0.0 |       8 |       0 |   0.0
        D:3 |      97 |      72 |  42.6 |      16 |       2 |  11.1
        D:4 |     691 |     380 |  35.5 |      24 |       2 |   7.7
        D:5 |    1003 |       0 |   0.0 |      20 |       0 |   0.0
        D:6 |     302 |       0 |   0.0 |      12 |       0 |   0.0
        D:7 |     489 |     673 |  57.9 |      10 |       1 |   9.1
        D:8 |    1895 |       0 |   0.0 |      24 |       0 |   0.0
        D:9 |    1232 |     833 |  40.3 |      26 |       5 |  16.1
       D:10 |    1903 |    1318 |  40.9 |      18 |       2 |  10.0
       D:11 |    4408 |    1173 |  21.0 |      53 |      14 |  20.9
       D:12 |    5216 |       0 |   0.0 |      35 |       0 |   0.0
       D:13 |    9300 |    3824 |  29.1 |      43 |       8 |  15.7
       D:14 |    9511 |       0 |   0.0 |      49 |       0 |   0.0
     Lair:1 |     793 |       0 |   0.0 |       4 |       0 |   0.0
     Lair:2 |    4630 |    1494 |  24.4 |      15 |       6 |  28.6
     Lair:3 |    1744 |     826 |  32.1 |       6 |       2 |  25.0
     Lair:4 |    3389 |     538 |  13.7 |      10 |       3 |  23.1
   Shoals:1 |    7751 |       0 |   0.0 |      15 |       0 |   0.0
   Shoals:3 |    7473 |    1730 |  18.8 |      16 |       2 |  11.1
   Shoals:4 |    7768 |    3822 |  33.0 |      18 |       8 |  30.8
    Ossuary |       0 |      82 | 100.0 |       0 |      21 | 100.0
   Gauntlet |       0 |    3071 | 100.0 |       0 |       8 | 100.0
            +---------+---------+-------+---------+---------+-------
